 Dungeon Crawl Stone Soup version 0.20-a0-522-g0b37eee (webtiles) character file.

3437 CanOfBees the Basher (level 9, -5/83 HPs)
             Began as a Minotaur Fighter on Jan 25, 2017.
             Was a Follower of the Shining One.
             Slain by Prince Ribbit (12 damage)
             ... on level 8 of the Dungeon.
             The game lasted 00:12:48 (5705 turns).

CanOfBees the Basher (Minotaur Fighter)             Turns: 5705, Time: 00:12:48

Health: -5/83      AC:  9    Str: 22    XL:     9   Next: 77%
Magic:  0/11       EV:  9    Int:  5    God:    the Shining One [*.....]
Gold:   425        SH:  9    Dex: 12    Spells: 8/8 levels left

rFire    . . .     SeeInvis .   t - +10 morningstar "Eos" {elec, Halo rElec}
rCold    . . .     Gourm    .   b - +0 scale mail
rNeg     . . .     Faith    .   c - +0 shield
rPois    .         Spirit   +   d - +0 hat
rElec    +         Reflect  .   p - +0 cloak
rCorr    .         Harm     .   G - +0 pair of gloves
MR       .....                  (no boots)
Stlth    ..........             l - amulet of guardian spirit
Regen    0.3/turn               (no ring)
                                (no ring)

@: about to teleport, glowing
A: retaliatory headbutt, horns 2
a: Renounce Religion


You were on level 8 of the Dungeon.
You worshipped the Shining One.
The Shining One was aware of your devotion.
You were not hungry.

You visited 2 branches of the dungeon, and saw 9 of its levels.

You collected 425 gold pieces.

Inventory:

Hand Weapons
 t - the +10 morningstar "Eos" (weapon) {elec, Halo rElec}
   (You found it on level 4 of the Dungeon)

   Occasionally, upon striking a foe, it will discharge some electrical energy
   and cause terrible harm.
   It insulates you from electricity.
 L - a +2 morningstar of holy wrath
Missiles
 w - 2 throwing nets (quivered)
 y - 2 javelins
Armour
 b - a +0 scale mail (worn)
 c - a +0 shield (worn)
 d - a +0 hat (worn)
 p - a +0 cloak (worn)
 G - a +0 pair of gloves (worn)
Jewellery
 l - an amulet of guardian spirit (around neck)
Wands
 B - a wand of flame (32/48)
 D - a wand of iceblast (10/15)
Scrolls
 e - 5 scrolls of identify
 g - 6 scrolls of amnesia
 k - 4 scrolls of magic mapping
 o - a scroll of teleportation
 u - 5 scrolls of fear
 x - 3 scrolls of remove curse
 z - a scroll of fog {unknown}
 F - a scroll of torment {unknown}
Potions
 i - 11 potions of curing
 j - 4 potions of lignification
 m - a potion of cancellation
 q - a potion of heal wounds
 r - a potion of cure mutation {unknown}
 v - a potion of haste {unknown}
 A - 2 potions of brilliance
 C - 2 potions of magic {unknown}
 E - a potion of flight {unknown}
 H - a potion of agility {unknown}
 I - a potion of ambrosia {unknown}
 J - a potion of resistance {unknown}
Comestibles
 f - 2 bread rations
 h - 9 fruits
 n - 3 royal jellies
 s - 2 meat rations
 K - 3 chunks of flesh


   Skills:
 + Level 9.1 Fighting
   Level 8.6 Long Blades
 + Level 9.7 Maces & Flails
 - Level 3.6 Armour
 + Level 2.8 Dodging
 - Level 3.6 Shields
 * Level 4.6 Invocations


You had 8 spell levels left.
You didn't know any spells.

Dungeon Overview and Level Annotations

Branches:
Dungeon (8/15)             Temple (1/1) D:4
   Lair: D:8-11

Altars:
Ashenzari
Cheibriados
Dithmenos
Elyvilon
Gozag
Hepliaklqana
Makhleb
Nemelex Xobeh
Okawaru
Ru
Sif Muna
Trog
Uskayaw
Vehumet
Xom
Yredelemnul
Zin
The Shining One
Lugonu

Shops:
D:7 :

Annotations:
D:4 exclusion: statue
D:8 Prince Ribbit


Innate Abilities, Weirdness & Mutations

You reflexively headbutt those who attack you in melee.
You have a pair of horns on your head.


Message History

Prince Ribbit hits you but does no damage.
The two-headed ogre hits you with a giant club!
* * * LOW HITPOINT WARNING * * *
The two-headed ogre barely misses you.
You sock the two-headed ogre!
The two-headed ogre is severely wounded.
Prince Ribbit blinks!
The adder skeleton barely misses you.
You sock the two-headed ogre!
The two-headed ogre is almost dead.
The two-headed ogre hits you with a giant club.
* * * LOW HITPOINT WARNING * * *
The two-headed ogre hits you with a dire flail!
* * * LOW HITPOINT WARNING * * *
You block Prince Ribbit's attack.
The adder skeleton bites you but does no damage.
As you read the scroll of teleportation, it crumbles to dust.
You feel strangely unstable.
Prince Ribbit lets out a mournful croak.
Prince Ribbit hits you!
You die...

#######.#
################.......#
...............F.Z....>#
#########.##.###@#.
#.##.###O##### ####
#.##.........# ...#
#.######.....# ...# #.#
#.#...# ...# #.. #......#
...# ### #..#(..# ...#
#.. #......#
)#######.######...#..####


You could see a two-headed ogre, Prince Ribbit and an adder skeleton.

Vanquished Creatures
  A hippogriff (D:7)
  3 yaks (D:6)
  A water moccasin (D:8)
  2 orc warriors
  An eye of draining (D:8)
  3 ice beasts (D:8)
  4 ogres
  A necrophage (D:6)
  2 phantoms
  A big kobold (D:8)
  3 bullfrogs
  4 scorpions
  2 crimson imps
  A jelly (D:6)
  A quasit (D:8)
  7 orc priests
  3 hounds
  9 orc wizards
  2 iguanas
  5 worker ants
  A killer bee zombie (D:6)
  A hound zombie (D:7)
  5 adders
  4 shadow imps
  2 oozes (D:2)
  2 adder skeletons
  3 worms
  2 dart slugs (D:1)
  4 leopard geckos
  34 orcs
  4 ball pythons
  8 bats
  3 giant cockroaches
  10 goblins
  11 hobgoblins
  4 jackals (D:6)
  2 quokkas
  6 frilled lizards
  14 kobolds
  5 rats
181 creatures vanquished.

Vanquished Creatures (others)
  A howler monkey (D:5)
  An orc wizard (D:5)
  An adder (D:5)
  A quokka (D:5)
4 creatures vanquished.

Grand Total: 185 creatures vanquished

Notes
Turn   | Place    | Note
-------+----------+-------------------------------------------
     0 | D:1      | CanOfBees the Minotaur Fighter began the quest for the Orb.
     0 | D:1      | Reached XP level 1. HP: 19/19 MP: 0/0
   164 | D:1      | Reached XP level 2. HP: 27/27 MP: 1/1
   442 | D:1      | Reached XP level 3. HP: 33/33 MP: 2/2
   591 | D:2      | Found an opulent altar of Gozag.
   893 | D:2      | Found a white marble altar of Elyvilon.
   994 | D:2      | Reached XP level 4. HP: 33/41 MP: 3/3
  1262 | D:2      | Found a burning altar of Makhleb.
  1558 | D:3      | Reached skill level 5 in Long Blades
  1626 | D:3      | Reached XP level 5. HP: 47/47 MP: 4/4
  1629 | D:3      | Reached skill level 5 in Fighting
  1868 | D:4      | Found a staircase to the Ecumenical Temple.
  1880 | Temple   | Entered the Ecumenical Temple
  2175 | D:4      | Reached skill level 1 in Maces & Flails
  2223 | D:4      | Reached XP level 6. HP: 38/56 MP: 3/5
  2722 | D:4      | Found a radiant altar of Vehumet.
  2881 | D:5      | Entered Level 5 of the Dungeon
  2881 | D:5      | Found a shimmering altar of Xom.
  2899 | D:5      | Reached XP level 7. HP: 63/63 MP: 6/6
  3070 | D:5      | Reached skill level 5 in Maces & Flails
  3647 | D:6      | Found a snail-covered altar of Cheibriados.
  3665 | D:6      | Reached XP level 8. HP: 71/71 MP: 7/7
  4116 | D:6      | Reached XP level 9. HP: 22/81 MP: 2/8
  4486 | D:6      | Found a deep blue altar of Sif Muna.
  4489 | D:6      | Found a glowing silver altar of Zin.
  4490 | D:6      | Found a hazy altar of Hepliaklqana.
  4491 | D:6      | Found a glowing golden altar of the Shining One.
  4491 | D:6      | Found a bloodstained altar of Trog.
  4500 | D:6      | Became a worshipper of the Shining One
  4618 | D:6      | Reached skill level 1 in Invocations
  5084 | D:7      | Found Eruzioh's Book Shoppe.
  5204 | D:7      | Found a shadowy altar of Dithmenos.
  5337 | D:7      | Reached skill level 1 in Dodging
  5693 | D:8      | Noticed a two-headed ogre
  5693 | D:8      | Reached * piety under the Shining One
  5700 | D:8      | Noticed Prince Ribbit
  5705 | D:8      | Slain by Prince Ribbit

Vault maps used:
D:1:      lemuel_arrival_funnel, minmay_misc_feat_roman
D:2:      minmay_diamond_boxcup, lemuel_coloured_pillars_altar,
          lemuel_crystal_altar, elyvilon_altar_5
D:4:      vehumet_statue, minmay_temple_entry_junction, first_bread
D:5:      xom_confusion_cloud
D:6:      grunt_temple_overflow_open, kennysheep_mini
D:7:      serial_shops, shop, grunt_dithmenos_smoke_and_mirrors
D:8:      grunt_temple_overflow_growth_and_decay, kennysheep_mini_moat,
          uniq_prince_ribbit1
Temple:   corrupted_temple

Skill      XL: |  1  2  3  4  5  6  7  8  9 |
---------------+----------------------------+-----
Long Blades    | 3 4 5 6 7 8 |  8.6
Fighting       | 4 5 6 8 9 |  9.1
Maces & Flails | 1 3 6 8 9 |  9.7
Invocations    | 4 |  4.6
Dodging        | 2 |  2.8
Armour         | |  3.6
Shields        | |  3.6

Action                   |  1- 3 |  4- 6 |  7- 9 || total
-------------------------+-------+-------+-------++-------
Melee: Long sword        |    76 |    75 |       ||   151
       Headbutt          |    10 |    14 |    19 ||    43
       Morningstar       |       |    23 |   131 ||   154
  Use: Scroll            |       |     4 |     9 ||    13
       Potion            |       |       |     2 ||     2
  Eat: Chunk             |       |     6 |     6 ||    12
       Meat ration       |       |       |     1 ||     1
Armor: Scale mail        |    47 |    36 |    45 ||   128
Dodge: Dodged            |    30 |    29 |    35 ||    94
Block: Shield            |    36 |    61 |    53 ||   150
       Rpst.: Long sword |     2 |     8 |       ||    10
